Map: [ESL] Oceanborn

Players

Astrea - Winner!

  • Race: Protoss Protoss
  • Spawn Location: 11:00

Kelazhur

  • Race: Terran Terran
  • Spawn Location: 5:00

Event: ESL SC2 Masters 2024 Spring (Regional)

VOD

Have the link to the VOD?

Description

Time

  • Played on: May 4, 2024, 2:44 p.m.
  • Length: 33:11

All games in this series

Show
View Real Time Build Order
Export as new Build Order

Astrea Protoss - Winner!

Build Orders: 1 Gate Expand, Phoenix Opening, Blink Stalkers 

Get SALT Encoding   

  12  0:00  Probe  
  13  0:12  Probe  
  14  0:17  Pylon  
  14  0:24  Probe (Chrono Boost)  
  16  0:36  Probe (Chrono Boost), Gateway  
  16  0:43  Probe (Chrono Boost)  
  16  0:46  Assimilator  
  17  0:51  Probe  
  18  1:03  Probe  
  19  1:15  Probe  
  20  1:23  Nexus  
  20  1:32  Cybernetics Core  
  20  1:34  Probe  
  20  1:39  Assimilator  
  21  1:47  Probe  
  22  1:49  Pylon  
  22  1:59  Probe  
  23  2:07  Sentry (Chrono Boost)  
  25  2:08  Warp Gate  
  25  2:11  Probe  
  25  2:14  Shield Battery  
  26  2:23  Probe (Chrono Boost)  
  28  2:30  Stalker  
  28  2:32  Phoenix  
  30  2:37  Probe (Chrono Boost)  
  30  2:38  Probe (Chrono Boost)  
  31  2:45  Twilight Council, Probe x2 (Chrono Boost)  
  32  2:51  Probe  
  32  2:52  Probe  
  34  3:02  Stalker  
  34  3:04  Probe x2  
  38  3:16  Probe x2  
  38  3:18  Blink (Chrono Boost)  
  40  3:25  Gateway  
  40  3:28  Probe  
  40  3:33  Probe  
  42  3:40  Probe (Chrono Boost)  
  35  3:48  Probe (Chrono Boost)  
  35  3:52  Probe (Chrono Boost)  
  36  3:58  Stalker  
  36  4:00  Probe (Chrono Boost)  
  36  4:01  Probe (Chrono Boost)  
  40  4:06  Robotics Facility, Probe (Chrono Boost)  
  40  4:09  Assimilator, Phoenix  
  42  4:11  Pylon, Assimilator  
  42  4:12  Probe (Chrono Boost)  
  42  4:18  Probe (Chrono Boost)  
  42  4:21  Stalker  
  46  4:26  Probe (Chrono Boost)  
  46  4:28  Probe (Chrono Boost)  
  46  4:29  Pylon  
  47  4:32  Stalker  
  47  4:33  Probe  
  47  4:38  Probe  
  51  4:43  Pylon  
  51  4:45  Probe  
  51  4:48  Stalker  
  51  4:51  Observer  
  54  4:53  Probe  
  54  4:57  Templar Archives  
  54  4:58  Probe  
  57  5:05  Probe  
  58  5:09  Charge (Chrono Boost)  
  58  5:10  Probe  
  59  5:17  Stalker x2  
  59  5:18  Probe  
  64  5:22  Probe  
  64  5:26  Pylon  
  65  5:29  Psionic Storm  
  65  5:30  Probe  
  65  5:34  Gateway x2  
  66  5:38  Gateway  
  66  5:41  High Templar  
  68  5:43  Gateway  
  68  5:52  Pylon  
  68  5:57  Stalker  
  70  6:13  Stalker  
  72  6:25  Probe x2  
  71  6:30  High Templar  
  71  6:31  High Templar  
  74  6:38  Probe x2  
  74  6:39  Warp Prism (Chrono Boost)  
  78  6:40  High Templar, Nexus  
  78  6:45  Pylon  
  80  6:50  Probe x2  
  80  6:51  Forge  
  82  6:56  Pylon  
  82  6:57  Pylon, High Templar  
  84  7:02  Probe  
  84  7:03  Pylon, Shield Battery  
  84  7:05  Zealot  
  87  7:09  Probe  
  87  7:13  Observer (Chrono Boost)  
  87  7:14  Probe  
  89  7:21  Protoss Ground Weapons Level 1 (Chrono Boost), Probe  
  89  7:22  Nexus  
  91  7:26  Observer, Probe  
  93  7:35  Zealot x2  
  93  7:36  Zealot  
  99  7:40  Probe  
  99  7:43  Probe  
  101  7:52  Probe x2  
  101  7:54  Zealot x2, High Templar  
  101  7:55  Zealot x2  
  113  8:03  Probe  
  114  8:09  Zealot  
  98  8:20  Zealot x4  
  98  8:25  Archon  
  106  8:27  Zealot, Immortal  
  106  8:29  Pylon  
  106  8:33  Zealot, Pylon  
  106  8:34  Forge  
  113  8:37  Observer  
  99  8:42  Stalker x4  
  91  8:52  Zealot  
  91  8:55  Zealot  
  89  9:06  Immortal  
  89  9:08  Stalker x4  
  97  9:13  Zealot  
  99  9:23  Zealot  
  90  9:31  Protoss Ground Armor Level 1 (Chrono Boost)  
  90  9:34  High Templar x4  
  98  9:42  Observer  
  98  9:44  Protoss Ground Weapons Level 2 (Chrono Boost), Nexus  
  98  9:45  Zealot x2  
  102  9:46  Pylon  
  102  9:50  Probe x2  
  104  9:57  Probe  
  105  10:01  Observer  
  105  10:02  Probe x2  
  105  10:05  Zealot x2  
  105  10:06  Zealot  
  105  10:07  Zealot x3  
  120  10:09  Photon Cannon, Probe  
  120  10:10  Shield Battery  
  120  10:13  Gateway x2  
  121  10:14  Probe  
  121  10:16  Probe  
  121  10:19  Observer  
  123  10:24  Probe  
  123  10:26  Probe  
  123  10:27  Zealot x6  
  138  10:28  Pylon  
  138  10:30  Pylon  
  138  10:31  Probe  
  139  10:36  Observer  
  139  10:40  Pylon  
  139  10:42  Pylon  
  136  10:46  Probe  
  117  10:58  Zealot  
  117  10:59  Zealot, High Templar x4  
  117  11:02  Probe x4  
  117  11:03  Assimilator x2  
  133  11:05  Assimilator x2  
  133  11:07  Shield Battery  
  133  11:13  Immortal (Chrono Boost), Photon Cannon  
  133  11:14  Photon Cannon  
  137  11:19  Protoss Ground Armor Level 2 (Chrono Boost)  
  137  11:24  Photon Cannon  
  136  11:29  Photon Cannon  
  136  11:35  Zealot x5  
  143  11:44  Archon  
  137  11:48  Immortal (Chrono Boost)  
  137  11:49  Zealot x3, Observer  
  137  11:53  Photon Cannon  
  137  11:54  Shield Battery  
  147  12:04  High Templar x2  
  147  12:07  High Templar  
  151  12:17  Observer  
  151  12:18  Zealot x5  
  151  12:21  Archon  
  151  12:22  Archon  
  124  12:32  Observer  
  124  12:34  Archon  
  114  12:38  Observer, Immortal  
  114  12:41  High Templar x5, Photon Cannon  
  128  12:45  Photon Cannon  
  128  12:47  Protoss Ground Weapons Level 3 (Chrono Boost)  
  128  12:48  Shield Battery  
  128  12:49  Pylon  
  128  12:51  Photon Cannon  
  128  13:11  Zealot x3  
  134  13:16  Stalker x5  
  134  13:17  Warp Prism (Chrono Boost)  
  142  13:34  Zealot x3  
  142  13:35  Protoss Ground Armor Level 3 (Chrono Boost)  
  144  13:46  Zealot x3, High Templar x2  
  154  13:49  Gateway  
  154  13:51  Gateway  
  154  13:53  Observer (Chrono Boost)  
  150  14:04  Nexus  
  150  14:06  Archon  
  150  14:07  Zealot x2  
  150  14:08  Zealot x4  
  112  14:17  Immortal (Chrono Boost)  
  112  14:19  Observer  
  112  14:20  Observer  
  112  14:21  Observer  
  112  14:23  High Templar x2  
  116  14:29  Pylon  
  116  14:31  High Templar x4  
  122  14:33  High Templar x2  
  122  14:35  Gateway  
  122  14:37  Probe x3, Gateway  
  131  14:46  Immortal (Chrono Boost)  
  131  14:51  Photon Cannon  
  135  14:55  High Templar x2  
  135  14:58  Photon Cannon  
  135  14:59  Photon Cannon x2, Shield Battery  
  139  15:00  Photon Cannon  
  139  15:01  Stalker x2  
  139  15:06  Stalker x6  
  155  15:07  Observer  
  155  15:20  Observer (Chrono Boost)  
  155  15:26  Zealot x2  
  160  15:33  Zealot x7  
  160  15:34  Zealot x3  
  179  15:49  Immortal  
  171  15:52  Zealot x2  
  175  15:58  Zealot x8, Protoss Shields Level 1 (Chrono Boost)  
  186  16:26  Zealot x7  
  196  16:41  Nexus  
  196  16:45  Immortal (Chrono Boost)  
  170  16:53  High Templar x10  
  170  16:54  High Templar  
  160  17:07  High Templar  
  158  17:13  Warp Prism (Chrono Boost)  
  156  17:25  Archon  
  156  17:28  Zealot x6  
  156  17:29  Zealot x5  
  140  17:51  Zealot x7  
  140  17:52  Zealot x5  
  140  17:53  Observer  
  160  18:04  Protoss Shields Level 2  
  154  18:12  Pylon, Stalker  
  154  18:13  Stalker x7  
  154  18:17  Observer (Chrono Boost)  
  167  18:25  Observer (Chrono Boost)  
  154  18:38  Zealot x12  
  174  18:41  Archon  
  174  18:48  Shield Battery  
  170  19:00  Nexus  
  154  19:06  Zealot x3  
  154  19:07  Zealot x8  
  152  19:17  Warp Prism (Chrono Boost)  
  152  19:19  High Templar  
  156  19:24  Pylon  
  156  19:31  High Templar  
  158  19:32  High Templar x2  
  158  19:36  Assimilator  
  162  19:40  Assimilator  
  162  19:42  High Templar x2  
  162  19:43  Immortal (Chrono Boost)  
  162  19:44  Photon Cannon  
  170  19:46  Pylon  
  170  19:47  Zealot x6  
  182  19:53  Photon Cannon  
  182  19:54  Photon Cannon  
  182  19:56  Photon Cannon  
  182  19:57  Shield Battery  
  182  20:00  High Templar  
  182  20:01  Pylon  
  170  20:25  Stalker x8  
  170  20:26  Stalker x2  
  188  20:28  Photon Cannon  
  188  20:30  Photon Cannon  
  188  20:32  Photon Cannon  
  188  20:34  Photon Cannon  
  188  20:35  Shield Battery  
  188  20:43  High Templar  
  188  20:45  Photon Cannon  
  188  20:52  Observer  
  188  20:53  Zealot x7  
  183  21:03  Archon  
  169  21:04  Warp Prism (Chrono Boost)  
  169  21:05  Pylon  
  171  21:15  Zealot x11  
  171  21:16  Zealot  
  171  21:17  Archon  
  171  21:18  Protoss Shields Level 3 (Chrono Boost)  
  195  21:27  Shield Battery  
  195  21:34  Photon Cannon  
  185  21:41  Zealot x10  
  185  21:42  Zealot  
  155  21:54  Observer  
  155  21:58  High Templar  
  155  22:01  Photon Cannon  
  155  22:02  High Templar  
  155  22:03  Warp Prism (Chrono Boost), Shield Battery  
  155  22:06  High Templar  
  155  22:07  High Templar  
  155  22:08  High Templar x2  
  167  22:14  Photon Cannon  
  167  22:21  Zealot x6  
  179  22:27  Observer  
  179  22:28  Assimilator  
  179  22:29  Gateway  
  179  22:30  Assimilator  
  179  22:32  Zealot, Robotics Bay  
  179  22:34  Robotics Facility, Gateway  
  179  22:35  Shield Battery  
  181  22:37  Shield Battery  
  181  22:38  Pylon  
  181  22:42  Pylon, Zealot x7  
  181  22:43  Zealot x2  
  199  23:01  Robotics Facility  
  189  23:15  High Templar  
  189  23:16  High Templar  
  189  23:19  Photon Cannon x2  
  191  23:20  Shield Battery  
  191  23:22  Shield Battery  
  191  23:23  Shield Battery  
  191  23:25  Photon Cannon  
  191  23:28  Gravitic Boosters  
  191  23:29  Photon Cannon  
  191  23:31  Pylon  
  191  23:32  High Templar  
  185  23:37  Photon Cannon  
  185  24:01  Stalker x6  
  185  24:02  Stalker x2, Nexus  
  185  24:18  Zealot x6  
  185  24:25  Gravitic Drive  
  165  24:33  Zealot x3  
  165  24:35  Zealot x5  
  165  24:39  Immortal  
  165  24:41  Zealot x6  
  123  24:54  Pylon  
  123  24:55  High Templar x3  
  123  24:56  Zealot  
  123  24:57  Zealot x4  
  137  25:20  Photon Cannon  
  137  25:21  Photon Cannon  
  137  25:22  Photon Cannon  
  137  25:23  Shield Battery  
  137  25:25  High Templar x2  
  137  25:26  Observer, High Templar  
  137  25:27  High Templar  
  141  25:31  Shield Battery  
  141  25:33  Pylon  
  141  25:34  Stalker x2  
  137  25:54  Zealot x5  
  147  26:01  Zealot x3  
  143  26:13  Colossus (Chrono Boost)  
  147  26:18  High Templar x8  
  147  26:22  Archon x3  
  147  26:23  Archon, High Templar x2  
  147  26:25  High Templar  
  169  26:28  Archon  
  164  26:35  Colossus (Chrono Boost)  
  165  26:43  Observer  
  165  26:44  Observer, Extended Thermal Lance  
  165  26:49  Observer  
  165  26:50  Observer  
  165  26:55  High Templar  
  165  26:57  High Templar  
  181  27:16  Colossus (Chrono Boost)  
  181  27:18  Colossus (Chrono Boost)  
  179  27:25  Colossus (Chrono Boost)  
  183  27:46  Observer  
  180  27:59  Zealot x10  
  196  28:26  Zealot x2  
  192  28:39  Zealot x7  
  190  28:55  Warp Prism x2  
  180  29:00  High Templar x7  
  198  29:03  Observer  
  198  29:04  Archon x3  
  178  29:18  Observer  
  169  29:25  Observer  
  169  29:26  Zealot x6  
  181  30:04  Observer  
  181  30:07  Zealot x7  
  181  30:13  Nexus  
  179  30:21  Observer x2  
  176  31:10  Observer  
  164  31:18  Immortal x3  
  158  31:47  High Templar  
  158  31:49  High Templar  
  158  31:59  Immortal x2 (Chrono Boost)  
  162  32:08  Immortal (Chrono Boost)  
  154  32:18  Zealot x4  
  76  32:31  Archon  
  76  32:32  Zealot  
  66  32:43  Archon, High Templar x4  
  72  32:59  Zealot  
  72  33:01  Archon  
Show
View Real Time Build Order
Export as new Build Order

Kelazhur Terran 

Build Orders: Liberator Opening 

Get SALT Encoding   

  12  0:00  SCV  
  13  0:12  SCV  
  14  0:16  Supply Depot  
  14  0:24  SCV  
  15  0:38  SCV  
  15  0:39  Barracks  
  16  0:42  Refinery  
  16  0:50  SCV  
  16  0:52  Refinery  
  17  1:02  SCV  
  18  1:14  SCV  
  19  1:26  Reaper, Orbital Command  
  19  1:29  Supply Depot  
  20  1:41  Factory  
  20  1:53  SCV  
  21  1:58  Barracks Reactor  
  21  2:05  SCV  
  22  2:15  Command Center  
  22  2:17  SCV  
  23  2:25  Hellion  
  23  2:29  SCV  
  26  2:34  Supply Depot  
  26  2:35  Reaper x2  
  28  2:42  SCV  
  29  2:46  Hellion  
  31  2:52  Starport  
  31  2:56  SCV  
  32  3:08  SCV  
  32  3:11  Marine x2  
  32  3:12  Factory Tech Lab  
  35  3:20  SCV  
  36  3:27  Orbital Command  
  36  3:29  Marine x2  
  36  3:32  SCV  
  38  3:44  SCV  
  33  3:48  Siege Tank  
  33  3:49  Marine x2  
  33  3:54  Liberator  
  33  3:55  SCV  
  42  3:56  SCV  
  42  3:59  Supply Depot  
  43  4:06  Marine  
  43  4:07  SCV, Marine  
  43  4:08  SCV  
  47  4:10  Barracks  
  47  4:19  SCV  
  47  4:20  SCV, Siege Tank, Supply Depot  
  52  4:26  Marine x2  
  54  4:31  SCV  
  54  4:32  Barracks  
  54  4:33  SCV  
  54  4:37  Refinery  
  56  4:40  Liberator  
  56  4:44  SCV, Marine x2  
  62  4:47  SCV  
  62  4:52  Bunker  
  63  4:53  Siege Tank  
  63  4:57  SCV, Barracks Tech Lab  
  67  5:02  Bunker  
  67  5:03  SCV  
  68  5:09  SCV, Supply Depot  
  68  5:10  Marine  
  70  5:17  Engineering Bay  
  70  5:23  Supply Depot  
  70  5:27  Stimpack  
  70  5:30  Marine  
  70  5:31  SCV x2  
  70  5:33  Marine  
  78  5:36  Supply Depot  
  78  5:38  Marine  
  74  5:42  Starport Reactor  
  74  5:43  SCV  
  74  5:44  Terran Infantry Weapons Level 1  
  74  5:46  SCV  
  74  5:48  Refinery  
  74  5:49  Combat Shield, Marine  
  77  5:53  Factory Reactor, Marauder  
  77  5:56  SCV, Marine  
  81  5:57  Marauder  
  81  6:03  Supply Depot  
  83  6:10  Marine  
  84  6:14  Marauder  
  86  6:18  Marine  
  86  6:19  Marauder  
  86  6:21  Supply Depot  
  86  6:25  Medivac x2  
  86  6:28  Marine  
  86  6:31  SCV  
  93  6:33  Widow Mine x2  
  93  6:35  Command Center  
  93  6:36  Marine  
  93  6:39  SCV  
  94  6:43  SCV  
  94  6:46  Marauder x2  
  99  6:50  Marine  
  99  6:51  SCV  
  105  6:54  Widow Mine x2, Supply Depot, Marine  
  105  6:57  Supply Depot  
  106  7:03  Medivac x2  
  110  7:09  Barracks  
  110  7:11  Concussive Shells  
  110  7:12  Barracks  
  110  7:15  Marine x2  
  110  7:16  Marauder  
  110  7:17  Marauder  
  110  7:18  SCV x2  
  118  7:24  Widow Mine x2  
  122  7:30  SCV x2  
  122  7:34  Marine x2  
  126  7:41  Supply Depot  
  126  7:47  SCV, Marauder x2  
  131  7:52  Orbital Command  
  131  7:54  Supply Depot  
  130  8:02  Marine x2  
  130  8:03  SCV x2  
  120  8:09  Terran Infantry Armor Level 1, Marauder  
  120  8:15  SCV x2  
  120  8:17  Marauder  
  116  8:20  Marine x2  
  116  8:21  Orbital Command  
  116  8:25  Widow Mine, Barracks Tech Lab, Barracks Reactor  
  116  8:26  Medivac x2  
  124  8:27  SCV x2  
  124  8:30  Marauder  
  128  8:38  Marine x2  
  128  8:39  Marauder  
  120  8:46  Widow Mine x2, Marine  
  120  8:47  SCV x2  
  102  8:51  Marauder  
  102  8:53  SCV  
  96  8:55  Marine  
  96  8:56  Marine  
  96  8:59  SCV x2, Armory  
  96  9:00  Marauder  
  96  9:02  Marine x2  
  103  9:04  Medivac, Marine  
  103  9:07  Widow Mine  
  108  9:11  SCV  
  108  9:12  Marine  
  108  9:13  Marine x2  
  112  9:19  Marine  
  112  9:20  Marine  
  112  9:21  Marine  
  112  9:23  Marine  
  101  9:25  SCV x3  
  101  9:26  Widow Mine  
  101  9:28  Widow Mine  
  101  9:30  Marine  
  103  9:32  Ghost Academy  
  103  9:33  Engineering Bay, Marine  
  103  9:35  Supply Depot, Marine  
  103  9:37  Medivac, Marine  
  102  9:40  Medivac  
  102  9:42  Marine x2  
  102  9:43  Marine  
  107  9:52  SCV  
  108  9:54  Marauder, Marine x2  
  108  9:55  Marine  
  113  10:01  Marine, Marauder  
  113  10:02  Marauder  
  113  10:03  Terran Infantry Weapons Level 2  
  113  10:05  Widow Mine x2  
  120  10:07  Refinery x2  
  120  10:15  Ghost  
  122  10:21  Ghost  
  122  10:22  Ghost, Marine x3  
  122  10:23  Marine  
  122  10:27  Viking  
  132  10:29  Viking  
  134  10:40  Marine  
  133  10:43  Ghost  
  134  10:51  Marauder  
  110  10:59  Widow Mine  
  110  11:00  Widow Mine, Ghost  
  110  11:01  Marine x4  
  110  11:04  SCV x3, Command Center  
  123  11:11  Medivac x2  
  123  11:12  Marauder  
  123  11:16  Marauder  
  131  11:18  Marine x2  
  131  11:21  Widow Mine x2  
  137  11:26  Marine x2  
  137  11:27  Supply Depot  
  137  11:29  Marauder  
  139  11:43  Marauder  
  138  11:47  Medivac x2  
  138  11:49  Widow Mine x2  
  138  11:50  Marauder, Marine x4  
  138  11:51  Marauder  
  157  11:56  SCV x3  
  157  12:02  Supply Depot  
  157  12:05  Supply Depot, Marauder  
  157  12:08  SCV x2, Marine x2  
  162  12:16  Marauder  
  162  12:22  Marauder  
  161  12:27  Widow Mine  
  154  12:30  Marine  
  154  12:31  Marauder  
  154  12:34  Marine x2  
  154  12:35  Marine  
  154  12:37  SCV x3, Ghost  
  149  12:38  Widow Mine  
  149  12:43  Barracks, Ghost  
  156  12:45  Terran Infantry Weapons Level 3, Barracks x2  
  156  12:48  Terran Infantry Armor Level 2  
  156  12:52  Marauder  
  156  12:53  Marine  
  159  13:01  Widow Mine  
  159  13:02  Widow Mine  
  159  13:03  Marine  
  159  13:04  Marine  
  165  13:06  Marauder  
  167  13:16  Marauder  
  169  13:23  Marauder, Marine  
  169  13:25  Widow Mine x2  
  169  13:26  Marine x3  
  179  13:27  Planetary Fortress, Marauder  
  175  13:37  Marine  
  175  13:38  Barracks Tech Lab x3  
  175  13:41  Marine  
  172  13:44  Marine  
  172  13:45  Missile Turret, Marauder  
  172  13:46  Widow Mine x2  
  172  13:47  Missile Turret  
  172  13:48  Ghost  
  180  13:50  Marine x2  
  184  13:56  Medivac x2  
  184  14:02  Marauder  
  190  14:03  Marauder  
  190  14:07  Marine  
  190  14:08  Marauder  
  190  14:09  Marauder, Marine x2  
  183  14:12  Widow Mine x2, Marauder  
  160  14:23  Ghost x2  
  148  14:24  Marine  
  148  14:26  Medivac x2  
  153  14:32  Marauder x3  
  153  14:33  Widow Mine  
  161  14:45  Marine x3  
  162  14:46  Command Center  
  162  14:51  Marine  
  162  14:52  Marine, Marauder x2  
  170  14:56  Viking x2  
  176  15:00  Marauder x2  
  176  15:02  Marauder  
  176  15:03  Marine  
  181  15:11  Marauder  
  173  15:15  Terran Infantry Armor Level 3  
  173  15:25  Marauder, Marine x3  
  173  15:28  Widow Mine x2  
  182  15:33  Marine  
  182  15:34  Marauder, Marine x2  
  187  15:40  Marauder  
  179  15:53  Marauder  
  178  15:57  Ghost x2  
  178  15:58  Widow Mine x2, Ghost, Marine  
  178  15:59  Marauder, Marine x3  
  178  16:01  Marauder  
  178  16:02  SCV  
  178  16:03  SCV x3  
  198  16:14  Medivac  
  198  16:18  Starport  
  200  16:20  Fusion Core  
  200  16:26  Planetary Fortress  
  200  16:27  Missile Turret  
  200  16:30  Command Center  
  200  16:33  Sensor Tower  
  191  16:42  Marauder x2  
  191  16:44  Marauder, Command Center, Marine x3  
  191  16:45  Marine  
  191  16:46  Marauder  
  171  16:47  Marine  
  155  17:02  Marine x3  
  155  17:03  Ghost, Marauder, Marine  
  155  17:07  Medivac x2  
  165  17:12  SCV x4  
  165  17:15  Marauder, Marine  
  171  17:18  Marauder  
  171  17:22  Widow Mine x2  
  172  17:24  SCV x2  
  172  17:26  Ghost  
  169  17:31  Ghost  
  169  17:33  Ghost  
  171  17:37  Medivac x2  
  171  17:38  Marauder, Marine  
  171  17:42  Marauder  
  182  17:44  Widow Mine x2  
  122  17:53  Marine  
  122  17:54  Ghost  
  122  17:55  Marine  
  122  17:56  Marine x2  
  104  18:00  Marine, Marauder  
  104  18:03  Marauder x2  
  110  18:07  SCV x2  
  110  18:08  SCV  
  110  18:11  Widow Mine x2, Marine  
  118  18:13  Marine x3  
  118  18:18  SCV x2, Marine  
  124  18:21  Marine  
  124  18:23  Marine  
  122  18:30  Ghost  
  122  18:38  Marauder, Marine x6  
  124  18:41  Marine  
  124  18:45  Widow Mine x2  
  124  18:47  Viking  
  129  18:57  Marauder  
  120  19:03  Marine x2  
  109  19:13  Marauder x2  
  109  19:14  Medivac x2  
  109  19:16  Widow Mine x2, Ghost  
  119  19:17  Marine x4  
  119  19:21  Marine x2  
  127  19:34  Marine x2  
  127  19:35  Marine x4  
  133  19:38  Missile Turret  
  133  19:39  Marine  
  133  19:40  Medivac  
  133  19:42  Widow Mine x2  
  133  19:44  Medivac, Marine  
  143  19:46  Marauder  
  143  19:52  Marauder, Marine  
  148  19:53  Marauder, Marine x2  
  148  19:54  Marauder  
  148  19:57  Marine  
  155  20:00  Refinery, Orbital Command  
  155  20:02  Marine  
  156  20:07  Marauder  
  156  20:10  Marine x2  
  156  20:11  Orbital Command, Marine  
  149  20:15  Marauder  
  149  20:17  Marauder, Marine x2  
  149  20:21  Widow Mine x2  
  154  20:24  Marine  
  154  20:27  Refinery  
  154  20:28  SCV, Marauder, Marine x3  
  156  20:29  SCV x2, Refinery  
  156  20:34  Marine  
  156  20:35  Marine  
  163  20:36  Marine  
  163  20:38  Marine  
  163  20:39  SCV x2  
  163  20:41  SCV  
  163  20:42  Marine  
  169  20:46  Marine  
  172  20:50  Marauder  
  172  20:53  Marauder  
  143  21:04  Ghost  
  143  21:05  Marine  
  143  21:06  Marauder x2, Marine x3  
  143  21:10  Marine  
  152  21:14  Marine  
  152  21:17  Widow Mine x2  
  157  21:21  Medivac  
  157  21:22  SCV  
  157  21:23  SCV x4, Marine  
  157  21:24  Marine  
  166  21:27  Marauder  
  166  21:28  Ghost  
  166  21:30  Marine x3  
  166  21:32  Marine  
  174  21:33  Marine  
  174  21:41  Marine x2  
  150  21:47  Marine  
  150  21:48  Marauder  
  150  21:53  Widow Mine x2, Ghost x2  
  143  21:59  Marine x5  
  143  22:01  Medivac  
  149  22:05  Marine  
  149  22:07  Refinery  
  149  22:08  SCV x4  
  154  22:09  Marine  
  154  22:11  Medivac  
  154  22:15  Medivac  
  159  22:16  Marine  
  159  22:17  Marine x4  
  159  22:20  SCV  
  159  22:22  Ghost  
  165  22:23  Marine  
  165  22:24  Marine  
  165  22:27  Marine  
  170  22:31  Medivac  
  170  22:34  Marine  
  170  22:35  Marine x4  
  177  22:40  Widow Mine  
  177  22:41  Medivac, Marine  
  177  22:42  Marine  
  183  22:45  Marine  
  184  22:51  Marine  
  184  22:52  Marine  
  184  22:53  Marine x3  
  189  22:59  Ghost, Marine x2  
  189  23:02  Ghost  
  194  23:10  Marine x2, Marauder  
  194  23:11  Marauder, Marine  
  186  23:17  Widow Mine x2, Marine x2  
  192  23:28  Marine x3  
  192  23:29  Marauder  
  192  23:30  Marine  
  192  23:31  Marine  
  198  23:38  SCV  
  198  23:39  SCV  
  195  24:08  Marauder  
  193  24:13  Widow Mine x2  
  193  24:14  Ghost  
  193  24:15  Ghost  
  193  24:16  Marine x4  
  193  24:17  Marauder, Marine  
  189  24:29  Marine  
  174  24:34  Marine x4  
  174  24:35  Widow Mine x2, Marauder  
  174  24:38  Marauder  
  174  24:43  Marine x2  
  149  24:47  Marine  
  149  24:51  Medivac x2  
  149  24:52  Marine x4  
  145  24:56  Widow Mine, Marine  
  145  24:59  Marine  
  149  25:01  Marine  
  149  25:02  Marauder  
  149  25:04  Medivac  
  149  25:05  Marauder  
  156  25:10  Marine x4  
  156  25:14  Marine  
  161  25:17  Marine  
  161  25:19  Marine  
  161  25:21  Medivac  
  163  25:22  Marine  
  163  25:26  Marine  
  163  25:28  Marine x4  
  169  25:32  Marauder  
  169  25:34  Ghost  
  173  25:37  Ghost  
  173  25:40  Marine  
  172  25:45  Widow Mine x2, Marine, Marauder  
  172  25:46  Marine  
  180  25:50  SCV x3  
  180  25:51  Orbital Command  
  180  25:56  Ghost  
  183  25:57  Refinery x2  
  183  25:58  Marine  
  183  25:59  Marauder  
  183  26:02  SCV x3  
  191  26:08  Marauder  
  182  26:15  Viking  
  182  26:16  Marine  
  182  26:17  Marine x3  
  184  26:19  Widow Mine  
  184  26:23  Widow Mine  
  184  26:25  Marine x4  
  188  26:29  Marine  
  193  26:36  Marine x4  
  197  26:40  Viking  
  197  26:43  Marine  
  200  26:51  Refinery  
  200  26:52  Refinery  
  200  27:27  Starport Reactor  
  200  27:29  Hi-Sec Auto Tracking, Neosteel Armor  
  198  27:44  Viking  
  198  28:09  Orbital Command  
  193  28:20  Viking x3  
  187  28:35  Viking  
  187  28:36  Marauder, Marine  
  187  28:38  Marauder  
  174  28:48  Marine x2  
  174  28:49  Marauder, Viking  
  174  28:50  Viking x2  
  172  28:56  Ghost x2  
  172  28:57  Ghost  
  172  28:58  Widow Mine x2  
  182  29:05  Viking  
  182  29:08  Marine x3  
  182  29:09  Marauder  
  175  29:16  Marauder  
  167  29:20  Viking x2  
  157  29:25  Ghost, Marine  
  157  29:27  Caduceus Reactor, Ghost x2  
  157  29:28  Marine x2  
  157  29:29  Marine  
  157  29:30  Refinery, Viking  
  165  29:40  Widow Mine  
  165  29:41  Orbital Command  
  162  29:51  Marauder x2  
  156  29:54  Marauder  
  156  29:57  Marauder  
  156  30:04  Widow Mine x2  
  160  30:13  Marauder  
  162  30:17  Marauder  
  162  30:19  Marine  
  161  30:27  Marauder, Marine  
  162  30:29  SCV  
  163  30:39  Marauder  
  165  30:54  SCV x3  
  165  30:55  SCV  
  165  30:56  Marauder  
  171  31:03  Viking  
  169  31:12  Widow Mine x2  
  169  31:16  Marine  
  177  31:21  Viking  
  177  31:25  Viking  
  176  31:30  Viking  
  171  31:40  Viking  
  161  32:10  Viking  
  88  32:30  Marauder  
  88  32:32  Marine  
Tags
 
Add a new tag
Caveats
  • Supply blocks, unpowered buildings, or Contaminate may cause inaccurate times.
  • Supply counts are checked every 10 seconds.